 Dungeon Sprint DCSS version 0.28-a0-1518-gbe868bca14 (webtiles) character file.

Game seed: 9587047355906002711

2900000 ptdevnull the Archmage (level 20, -5/177 HPs)
             Began as an Octopode Hedge Wizard on Jan 17, 2022.
             Slain by a meat berserker (69 damage)
             ... in the Dungeon (Sprint VIII: "Arena of Blood").
             The game lasted 00:02:32 (29 turns).

ptdevnull the Archmage (Octopode Hedge Wizard)        Turns: 29, Time: 00:02:35

Health: -5/177     AC:  1    Str: 16    XL:     20   Next: 94%
Magic:  10/51      EV: 26    Int: 17    God:
Gold:   0          SH:  0    Dex: 13    Spells: 72/73 levels left

rFire   . . .      SeeInvis .   i - +∞ Axe of Woe
rCold   . . .      Faith    .   (shield currently unavailable)
rNeg    . . .      Spirit   .   b - +0 hat
rPois   .          Reflect  .   (no amulet)
rElec   .          Harm     .   (no ring)
rCorr   .          Rampage  .   (no ring)
Will    +....      NoTele   +   (no ring)
Stlth   ++++++++++              (no ring)
HPRegen 0.39/turn               (no ring)
MPRegen 0.32/turn               (no ring)
                                (no ring)
                                (no ring)

@: no status effects
A: almost no armour, amphibious, 8 rings, camouflage 1, gelatinous body 1,
(nimble swimmer 1), tentacles
a: no special abilities


You were in the Dungeon.
You visited 1 branch

Inventory:

Hand Weapons
 a - a +0 dagger
 i - the +∞ Axe of Woe (weapon)
   (You found it in the Dungeon)
Armour
 b - a +0 hat (worn)
Scrolls
 h - a scroll of blinking
Potions
 c - a potion of curing
 d - a potion of heal wounds
 e - a potion of haste
 f - 2 potions of magic
 g - a potion of berserk rage


   Skills:
 O Level 27 Fighting
 O Level 27 Axes
 O Level 27 Dodging
 O Level 27 Stealth
 O Level 27 Spellcasting
 O Level 27 Conjurations
 O Level 27 Summonings
 O Level 27 Translocations


You had 72 spell levels left.
You knew the following spells:

 Your Spells              Type           Power      Damage    Failure   Level
a - Magic Dart            Conj           100%       1d8       0%          1

Your spell library contained the following spells:

 Spells                   Type           Power      Damage    Failure   Level
 Blink                    Tloc           100%       N/A       0%          2
 Call Imp                 Summ           86%        N/A       0%          2
 Slow                     Hex            88%        N/A       1%          1
 Conjure Flame            Conj/Fire      62%        6-21      1%          3
 Mephitic Cloud           Conj/Pois/Air  52%        N/A       1%          3


Dungeon Overview and Level Annotations

Branches:
Dungeon (1/1)

Altars:
Makhleb


Innate Abilities, Weirdness & Mutations

You cannot wear most types of armour.
You are amphibious.
You can wear up to eight rings at the same time.
Your skin changes colour to match your surroundings (Stealth+).
Your rubbery body absorbs attacks. (AC +1, EV +1)
((You are camouflaged when in or above water. (Stealth+)))
You have tentacles for arms and can constrict up to eight enemies at once.


Message History

Your Translocations skill gained 5 levels and is now at level 24!
You have reached level 20!
You feel stronger.
Unknown command.
You hit the destroyer but do no damage.
You pulverise the destroyer into a thin bloody mist.
You destroy the destroyer!
You open the bag of meat like a pillowcase!!!
You dissect the bag of meat like a pig carcass.
You kill the bag of meat!
You hear a shout!
A bag of meat comes into view. It is wielding a +9 war axe.
You hear a shout! x2
A meat berserker comes into view. It is wielding a +9 battleaxe.
You hear a shout! x2
You have mastered Conjurations!
Your Summonings skill gained 2 levels and is now at level 26!
Your Translocations skill gained 2 levels and is now at level 26!
You dice the large bag of meat like an onion!!!
Flame seeps out of the large bag of meat.
You dissect the large bag of meat like a pig carcass.
The large bag of meat explodes!
The fiery explosion engulfs you!!!
The fiery explosion engulfs the meat berserker!!
You are engulfed in blazing flames.
You hear a shout! x12
You have mastered Summonings!
You have mastered Translocations! 2 bags of meat and 2 destroyers come into view.
A destroyer is wielding a +9 vorpal great sword.
A destroyer is wielding a +9 vorpal great sword.
The bag of meat shouts!
The destroyer shouts!
The meat berserker is engulfed in blazing flames.
The meat berserker hits you with a +9 battleaxe!!!
A bag of meat comes into view. It is wielding a +9 war axe.
You hear a shout! x2
The meat berserker rages.
You hear a shout!
The bag of meat is engulfed in blazing flames.
The meat berserker is engulfed in blazing flames.
The meat berserker hits you with a +9 battleaxe!!!
You die... ........... .......... .......... . .......... .. ......... ... #.......# V.oo

#.....))# .o.o.
.###..o..§§###.O....
......###§°o@Oo.O...
......_.§§§○O......
..#.....#§§.....#.
#_.<._#...o.....
#.....#......#.#
....._............
......###.........#.
.###.. ...###.....
#.. o..#


You could see a destroyer, a large bag of meat (inner flame), 3 meat berserkers
and 8 bags of meat.

Vanquished Creatures
  2 vampire knights (D)
  11 ogres (D)
  2 two-headed ogres (D)
  19 orcs (D)
34 creatures vanquished.

Notes
Turn   | Place    | Note
-------+----------+-------------------------------------------
     0 | D        | Found the +∞ Axe of Woe
     0 | D        | ptdevnull the Octopode Hedge Wizard began the quest for the
                  | Orb.
     0 | D        | Reached XP level 1. HP: 11/11 MP: 4/4
     2 | D        | Noticed a bag of meat
     3 | D        | Noticed a bag of meat
     3 | D        | Noticed a bag of meat
     3 | D        | Noticed a bag of meat
     4 | D        | Noticed a meat berserker
     6 | D        | Noticed a bag of meat
     7 | D        | Killed a bag of meat
     7 | D        | Killed a bag of meat
     7 | D        | Noticed a bag of meat
     8 | D        | Reached skill level 5 in Axes
     8 | D        | Reached XP level 2. HP: 17/17 MP: 4/25
     8 | D        | Reached XP level 3. HP: 21/21 MP: 4/27
     8 | D        | Reached XP level 4. HP: 27/27 MP: 4/28
     8 | D        | Reached XP level 5. HP: 31/31 MP: 4/30
     8 | D        | Reached XP level 6. HP: 36/36 MP: 4/31
     8 | D        | Reached XP level 7. HP: 41/41 MP: 4/33
     8 | D        | Reached XP level 8. HP: 46/46 MP: 4/34
     8 | D        | Reached XP level 9. HP: 51/51 MP: 4/35
     8 | D        | Reached XP level 10. HP: 56/56 MP: 4/36
     8 | D        | Reached XP level 11. HP: 61/61 MP: 4/37
     8 | D        | Reached XP level 12. HP: 66/66 MP: 4/38
     8 | D        | Noticed a meat berserker
     8 | D        | Noticed a meat berserker
     8 | D        | Killed a meat berserker
     8 | D        | Noticed a bag of meat
     9 | D        | Reached skill level 15 in Stealth
     9 | D        | Reached XP level 13. HP: 71/71 MP: 4/42
     9 | D        | Killed a bag of meat
     9 | D        | Noticed a bag of meat
    10 | D        | Reached skill level 27 in Spellcasting
    10 | D        | Killed a meat berserker
    10 | D        | Killed a bag of meat
    10 | D        | Noticed a bag of meat
    10 | D        | Noticed a bag of meat
    10 | D        | Noticed a bag of meat
    10 | D        | Noticed a meat berserker
    11 | D        | Reached skill level 5 in Conjurations
    11 | D        | Reached XP level 14. HP: 76/76 MP: 5/45
    11 | D        | Killed a meat berserker
    11 | D        | Noticed a bag of meat
    11 | D        | Noticed a bag of meat
    12 | D        | Reached skill level 5 in Summonings
    12 | D        | Reached XP level 15. HP: 86/86 MP: 5/46
    12 | D        | Noticed a meat berserker
    14 | D        | Noticed a meat berserker
    15 | D        | Killed a meat berserker
    15 | D        | Noticed a large bag of meat
    16 | D        | Reached skill level 5 in Translocations
    16 | D        | Reached XP level 16. HP: 101/101 MP: 6/47
    17 | D        | Killed a meat berserker
    17 | D        | Noticed a meat berserker
    18 | D        | Reached skill level 10 in Fighting
    18 | D        | Reached skill level 27 in Axes
    18 | D        | Reached skill level 27 in Stealth
    18 | D        | Reached XP level 17. HP: 117/117 MP: 7/48
    18 | D        | Noticed a destroyer
    18 | D        | Noticed a meat berserker
    18 | D        | Noticed a meat berserker
    19 | D        | Reached skill level 27 in Dodging
    20 | D        | Reached skill level 10 in Conjurations
    20 | D        | Reached skill level 10 in Summonings
    20 | D        | Noticed a destroyer
    20 | D        | Noticed a meat berserker
    20 | D        | Noticed a meat berserker
    20 | D        | Noticed a large bag of meat
    21 | D        | Noticed a large bag of meat
    21 | D        | Killed a destroyer
    21 | D        | Noticed a meat berserker
    22 | D        | Reached XP level 18. HP: 147/147 MP: 8/49
    22 | D        | Killed a meat berserker
    23 | D        | Killed a meat berserker
    24 | D        | Reached skill level 27 in Fighting
    24 | D        | Reached skill level 15 in Translocations
    24 | D        | Reached XP level 19. HP: 170/170 MP: 8/50
    24 | D        | Killed a meat berserker
    24 | D        | Noticed a meat berserker
    25 | D        | Killed a meat berserker
    26 | D        | Killed a meat berserker
    26 | D        | Killed a meat berserker
    26 | D        | Killed a large bag of meat
    27 | D        | Reached XP level 20. HP: 168/177 MP: 9/51
    27 | D        | Killed a destroyer
    27 | D        | Noticed a meat berserker
    28 | D        | Reached skill level 27 in Conjurations
    28 | D        | Killed a large bag of meat
    29 | D        | Reached skill level 27 in Summonings
    29 | D        | Reached skill level 27 in Translocations
    29 | D        | Noticed a destroyer
    29 | D        | Noticed a destroyer
    29 | D        | Slain by a meat berserker

Illustrated notes

Levels and vault maps discovered:
D:        meatsprint

Skill      XL: |  1  2  3  4  5  6  7  8  9 10 11 12 13 14 15 16 17 18 19 20 |
---------------+-------------------------------------------------------------+-----
Axes           | 5 7 14 16 23 27 | 27.0
Dodging        | 11 13 18 19 22 25 27 | 27.0
Stealth        | 13 15 20 22 26 27 | 27.0
Spellcasting   | 22 25 27 | 27.0
Conjurations   | 3 5 7 9 12 16 25 27 | 27.0
Summonings     | 3 4 5 7 8 12 16 24 27 | 27.0
Translocations | 2 3 5 7 11 15 24 27 | 27.0
Fighting       | 2 6 10 20 27 | 27.0

Action                   |  1- 3 |  4- 6 |  7- 9 | 10-12 | 13-15 | 16-18 | 19-21 || total
-------------------------+-------+-------+-------+-------+-------+-------+-------++-------
Melee: Executioner's axe |     1 |       |       |     1 |     7 |     6 |     5 ||    20

Table legend: (Time is in decaauts)
 A = Elapsed time spent in this place.
 B = Non-inter-level travel time spent in this place.
 C = Inter-level travel time spent in this place.
 D = Time resting spent in this place.
 E = Time spent auto-exploring this place.
 F = Levels seen in this place.
 G = Mean time per level.
                   A        B        C        D        E       F      G
               +--------+--------+--------+--------+--------+-----+--------+
         Total |     27 |     27 |      0 |      0 |      1 |   1 |   27.0 |
       Dungeon |     27 |     27 |      0 |      0 |      1 |   1 |   27.0 |
               +--------+--------+--------+--------+--------+-----+--------+

Top non-repeatable levels by time:
       D: 27 daAuts
